[Event "Titled Tuesday Blitz May 03 Early 2022"]
[White "Safarli, Eltaj"]
[Black "Tanenbaum, Zachary"]
[WhiteFideId "13402129"]
[BlackFideId "2060850"]
[WhiteElo "2634"]
[BlackElo "2168"]
[Result "1-0"]
[Round "06"]
[TimeControl "180+1"]
[Date "2022.05.03"]
[WhiteClock "0:01:32"]
[BlackClock "0:00:09"]

1. e4 e5 2. Nf3 Nc6 3. Nc3 Nf6 4. a3 d5 5. Bb5 d4 6. Ne2 Nxe4 7. d3 Nf6 8. Nxe5 Qd5 9. Bxc6+ bxc6 10. Nf3 c5 11. O-O Bd6 12. Bg5 Ng4 13. Nf4 Bxf4 14. Bxf4 O-O 15. Bxc7 Bb7 16. Re1 Rfe8 17. h3 Nf6 18. Qd2 Qd7 19. Be5 Bxf3 20. Bxf6 gxf6 21. gxf3 Qxh3 22. Qf4 Kg7 23. Qg3+ Qxg3+ 24. fxg3 Re6 25. Kf2 Rb8 26. b3 a5 27. g4 Rbe8 28. Re4 Kg6 29. Rh1 a4 30. bxa4 Ra8 31. Rh5 Rc6 32. Rd5 Rxa4 33. Re8 Kg7 34. Rdd8 f5 35. g5 f6 36. Re7+ Kg6 37. Rg8+ Kh5 38. Rxh7# 1-0


[Site "https://www.chess.com"]

[Event "Titled Tuesday Blitz May 03 Early 2022"]
[White "Saksham, Rautela"]
[Black "Rom, Jasper"]
[WhiteFideId "35046977"]
[BlackFideId "2023733"]
[WhiteElo "1990"]
[BlackElo "2233"]
[Result "1-0"]
[Round "06"]
[TimeControl "180+1"]
[Date "2022.05.03"]
[WhiteClock "0:00:07"]
[BlackClock "0:00:01"]

1. c4 e6 2. g3 d5 3. Bg2 Nf6 4. Nf3 Be7 5. O-O O-O 6. b3 b6 7. Bb2 Bb7 8. Nc3 Na6 9. e3 c5 10. cxd5 exd5 11. d4 Rc8 12. Rc1 Bd6 13. a3 Qe7 14. dxc5 bxc5 15. Qc2 Rfd8 16. Rfd1 Nc7 17. Rd2 Ne4 18. Nxe4 dxe4 19. Qc3 f6 20. Nh4 Qe6 21. Rcd1 Nd5 22. Qc4 g5 23. Bxe4 gxh4 24. Rxd5 Kf8 25. Rxd6 Rxd6 26. Qxe6 Rxe6 27. Bxb7 Rc7 28. Bf3 Ke7 29. Kg2 c4 30. bxc4 Rxc4 31. Bd5 Rd6 32. Bxc4 Rxd1 33. Bd4 Rd2 34. Bxa7 Kd6 35. gxh4 f5 36. Bd4 Ke7 37. Bb5 Kd6 38. a4 Ra2 39. Bc3 h5 40. Bb4+ Ke5 41. Bf8 Kf6 42. Bh6 Rb2 43. Bf4 Ke6 44. Bc4+ Kf6 45. a5 1-0


[Site "https://www.chess.com"]

[Event "Titled Tuesday Blitz May 03 Early 2022"]
[White "Saldano Dayer, Horacio"]
[Black "Bommini, Mounika Akshaya"]
[WhiteFideId "103411"]
[BlackFideId "25019872"]
[WhiteElo "2419"]
[BlackElo "1671"]
[Result "1-0"]
[Round "06"]
[TimeControl "180+1"]
[Date "2022.05.03"]
[WhiteClock "0:01:53"]
[BlackClock "0:01:49"]

1. d4 Nf6 2. Bg5 Ne4 3. h4 h6 4. Bf4 d5 5. e3 c5 6. Bd3 cxd4 7. Bxe4 dxe4 8. Qxd4 Qxd4 9. exd4 Nc6 10. Ne2 Bf5 11. Nbc3 Nb4 12. O-O-O Rc8 13. a3 Nc6 14. Ng3 Bh7 15. Ngxe4 e6 16. Rhe1 Rd8 17. d5 Ne7 18. Nd6+ 1-0


[Site "https://www.chess.com"]

[Event "Titled Tuesday Blitz May 03 Early 2022"]
[White "Samant Aditya S"]
[Black "Fiorito, Fabian"]
[WhiteFideId "35080580"]
[BlackFideId "100200"]
[WhiteElo "1916"]
[BlackElo "2395"]
[Result "1/2-1/2"]
[Round "06"]
[TimeControl "180+1"]
[Date "2022.05.03"]
[WhiteClock "0:00:08"]
[BlackClock "0:00:07"]

1. e4 c6 2. d4 d5 3. Nc3 dxe4 4. Nxe4 Nf6 5. Nxf6+ exf6 6. c3 Bd6 7. Bd3 O-O 8. Qc2 Re8+ 9. Ne2 h5 10. O-O h4 11. Bf4 h3 12. g3 Bg4 13. f3 Be6 14. Rfe1 Qc7 15. Qd2 Nd7 16. Bxd6 Qxd6 17. Qf4 Qd5 18. c4 Qh5 19. Nc3 Nb6 20. b3 Rad8 21. Rad1 a5 22. Bc2 a4 23. Ne4 Qa5 24. Nc5 Bc8 25. Kf2 axb3 26. axb3 Qc3 27. Rxe8+ Rxe8 28. Qd2 Qxd2+ 29. Rxd2 Nd7 30. Ne4 g6 31. g4 Re6 32. Kg3 Kg7 33. Kxh3 Nb6 34. Kg3 Re7 35. Kf2 f5 36. Nd6 fxg4 37. Nxc8 Nxc8 38. fxg4 Nd6 39. Kf3 Kf6 40. h4 Re8 41. g5+ Kg7 42. d5 c5 43. Re2 Rh8 44. Kg4 Re8 45. Rxe8 Nxe8 46. Kf4 f6 47. Bd1 Nd6 48. Bg4 b6 49. Be6 Ne8 50. Bd7 Nd6 51. Bc6 Nf7 52. Bd7 Nd6 53. Be6 Ne8 54. Ke4 Nd6+ 55. Kd3 Ne8 56. Kc3 Nd6 57. Kd3 Ne8 58. Bd7 Nd6 59. Be6 1/2-1/2


[Site "https://www.chess.com"]

[Event "Titled Tuesday Blitz May 03 Early 2022"]
[White "Sanchez, Robert"]
[Black "Vlassov, Nikolai"]
[WhiteFideId "2034360"]
[BlackFideId "4103360"]
[WhiteElo "2447"]
[BlackElo "2407"]
[Result "0-1"]
[Round "06"]
[TimeControl "180+1"]
[Date "2022.05.03"]
[WhiteClock "0:00:05"]
[BlackClock "0:00:11"]

1. e4 Nc6 2. Nf3 d5 3. exd5 Qxd5 4. Nc3 Qa5 5. Bb5 Bd7 6. O-O a6 7. Bxc6 Bxc6 8. d4 e6 9. Ne5 Bd6 10. Nxc6 bxc6 11. Qf3 Ne7 12. Ne4 Qf5 13. Nxd6+ cxd6 14. Qg3 Qxc2 15. Qxd6 Rd8 16. Qa3 Rxd4 17. Be3 Rd7 18. Bc5 f6 19. Bxe7 Rxe7 20. Rac1 Qf5 21. Rxc6 Kf7 22. Rxa6 Rd8 23. Ra7 Rdd7 24. Rxd7 Rxd7 25. Qa4 Rd2 26. Qa7+ Kg6 27. a4 Rxb2 28. a5 Rb1 29. g3 Rb5 30. a6 Ra5 31. Qa8 h5 32. a7 Qd5 33. Qb8 h4 34. gxh4 Ra4 35. h3 Ra3 36. Kh2 Qf3 37. Qe8+ Kh7 0-1


[Site "https://www.chess.com"]

[Event "Titled Tuesday Blitz May 03 Early 2022"]
[White "Sarana, Alexey"]
[Black "Mikhailovsky, Vladimir"]
[WhiteFideId "24133795"]
[BlackFideId "34105414"]
[WhiteElo "2666"]
[BlackElo "2349"]
[Result "1-0"]
[Round "06"]
[TimeControl "180+1"]
[Date "2022.05.03"]
[WhiteClock "0:00:12"]
[BlackClock "0:00:01"]

1. d4 d5 2. c4 c6 3. Nc3 Nf6 4. Nf3 dxc4 5. a4 Bf5 6. Ne5 Nbd7 7. Nxc4 Nb6 8. Ne5 a5 9. f3 Nfd7 10. e4 Nxe5 11. dxe5 Qxd1+ 12. Nxd1 Bg6 13. Nf2 e6 14. Nd3 f6 15. b3 Nd7 16. exf6 gxf6 17. Be3 e5 18. Kd2 O-O-O 19. Rd1 b6 20. Kc2 Kb7 21. h4 h5 22. g3 Be7 23. Bh3 Nb8 24. Bf5 Bf7 25. g4 Na6 26. g5 Rxd3 27. Kxd3 Bxb3 28. Ra1 c5 29. Kc3 c4 30. gxf6 Bxf6 31. Be6 Nb4 32. Rag1 Rd8 33. Bxc4 Bxa4 34. Rg6 Be7 35. Rxb6+ Kc7 36. Re6 Re8 37. Ra1 Bd7 38. Rh6 Nc6 39. Bd5 Bb4+ 40. Kc4 Rc8 41. Rc1 Kb8 42. Kd3 Ne7 43. Rxc8+ Nxc8 44. Rxh5 Nd6 45. Rh8+ Kc7 46. h5 Bb5+ 47. Kc2 a4 48. h6 a3 49. h7 Ba4+ 50. Kc1 Bc3 51. Ra8 a2 52. Rxa4 a1=Q+ 53. Rxa1 Bxa1 54. h8=Q 1-0


[Site "https://www.chess.com"]

[Event "Titled Tuesday Blitz May 03 Early 2022"]
[White "Saravana, Krishnan P."]
[Black "Itkis, Boris"]
[WhiteFideId "5018382"]
[BlackFideId "1209167"]
[WhiteElo "2210"]
[BlackElo "2207"]
[Result "1-0"]
[Round "06"]
[TimeControl "180+1"]
[Date "2022.05.03"]
[WhiteClock "0:02:07"]
[BlackClock "0:00:37"]

1. d4 Nf6 2. c4 Nc6 3. Nf3 e6 4. a3 d6 5. Nc3 g6 6. e4 Bg7 7. Be2 O-O 8. O-O e5 9. dxe5 Nxe5 10. Bg5 Be6 11. Nd5 Bxd5 12. exd5 Qd7 13. Nxe5 dxe5 14. Qc2 h6 15. Be3 b6 16. h3 Nh7 17. Rfd1 f5 18. c5 bxc5 19. Bxc5 Rfd8 20. d6 cxd6 21. Rxd6 Qe8 22. Bc4+ Kh8 23. Re6 Qf7 24. Re1 Rac8 25. b4 Nf8 26. R6xe5 Qb7 27. Re7 Qc6 28. Rxg7 Kxg7 29. Qb2+ Kh7 30. Re7# 1-0


[Site "https://www.chess.com"]

[Event "Titled Tuesday Blitz May 03 Early 2022"]
[White "Shyaamnikhil P"]
[Black "Tan, Jun Ying"]
[WhiteFideId "5024218"]
[BlackFideId "5710413"]
[WhiteElo "2329"]
[BlackElo "1827"]
[Result "1/2-1/2"]
[Round "06"]
[TimeControl "180+1"]
[Date "2022.05.03"]
[WhiteClock "0:00:15"]
[BlackClock "0:00:20"]

1. e4 c5 2. Nf3 Nc6 3. d4 cxd4 4. Nxd4 Nf6 5. Nc3 d6 6. Bg5 e6 7. Qd2 a6 8. O-O-O h6 9. Nxc6 bxc6 10. Bf4 d5 11. Qe3 Bb4 12. a3 Ba5 13. Qg3 Nh5 14. Qf3 Nxf4 15. Qxf4 Bxc3 16. bxc3 Qg5 17. Qxg5 hxg5 18. exd5 cxd5 19. c4 Bb7 20. cxd5 Bxd5 21. f3 Ke7 22. h3 a5 23. Rd4 Rac8 24. Bd3 Rh4 25. Rxh4 gxh4 26. Kd2 g5 27. Rb1 Rc5 28. c4 Bc6 29. Rb8 Kd6 30. Rf8 Ke7 31. Rg8 Bb7 32. Kc3 Kd6 33. Kd4 e5+ 34. Kc3 f6 35. Rb8 Bc6 36. Be4 Bxe4 37. fxe4 Kc7 38. Ra8 Kb6 39. Rd8 Rc6 40. Rd5 Ka6 41. a4 Rb6 42. c5 Rb4 43. Rd6+ Kb7 44. Rxf6 Rxe4 45. Rf5 g4 46. hxg4 Rxg4 47. Rxe5 Rxa4 48. Re6 Rg4 49. Rh6 a4 50. Rb6+ Kc7 51. Ra6 Rxg2 52. Rxa4 h3 53. Rh4 Kc6 54. Rxh3 Kxc5 55. Rh5+ Kd6 56. Rh6+ Ke5 57. Rh5+ Kf4 58. Rh4+ Kg5 59. Rd4 Rg4 60. Rxg4+ Kxg4 1/2-1/2


[Site "https://www.chess.com"]

[Event "Titled Tuesday Blitz May 03 Early 2022"]
[White "Simonovic, Miroslav"]
[Black "Vifleemskaia, Svetlana"]
[WhiteFideId "919152"]
[BlackFideId "4129490"]
[WhiteElo "2043"]
[BlackElo "1901"]
[Result "1-0"]
[Round "06"]
[TimeControl "180+1"]
[Date "2022.05.03"]
[WhiteClock "0:01:16"]
[BlackClock "0:00:12"]

1. d4 Nf6 2. Bg5 Ne4 3. h4 d5 4. Nd2 Nxd2 5. Qxd2 h6 6. Bf4 c5 7. e3 Nc6 8. c3 Bf5 9. Bd3 Bxd3 10. Qxd3 e6 11. Nf3 Bd6 12. dxc5 Bxc5 13. O-O Bd6 14. Bxd6 Qxd6 15. Rfd1 O-O 16. e4 Rfd8 17. exd5 exd5 18. Rd2 Ne5 19. Nxe5 Qxe5 20. Rad1 Rac8 21. Qb5 b6 22. Rxd5 Rxd5 23. Qxd5 Qf4 24. g3 Qg4 25. Kg2 Rc5 26. Qd8+ Kh7 27. Qd3+ Kg8 28. Qf3 Qe6 29. Rd8+ Kh7 30. Qd3+ f5 31. Rd6 Qe5 32. Qd4 Qe2 33. Rd7 Qe5 34. Qxe5 Rxe5 35. Rxa7 Re2 36. b3 Rc2 37. c4 f4 38. Rb7 fxg3 39. Kxg3 Rxa2 40. Rxb6 Ra3 41. f3 h5 42. c5 Ra2 43. c6 Rc2 44. b4 Kg6 45. b5 Kf5 46. Rb7 g5 47. hxg5 Kxg5 48. c7 h4+ 49. Kh3 Rf2 50. c8=Q 1-0


[Site "https://www.chess.com"]

[Event "Titled Tuesday Blitz May 03 Early 2022"]
[White "Skliarov, Viktor"]
[Black "Meshkovs, Nikita"]
[WhiteFideId "14106736"]
[BlackFideId "11602740"]
[WhiteElo "2229"]
[BlackElo "2506"]
[Result "1-0"]
[Round "06"]
[TimeControl "180+1"]
[Date "2022.05.03"]
[WhiteClock "0:00:13"]
[BlackClock "0:00:02"]

1. e4 c5 2. Nf3 Nc6 3. Bb5 g6 4. O-O Bg7 5. Re1 e5 6. Bxc6 dxc6 7. d3 Qc7 8. Be3 b6 9. Nbd2 Nf6 10. a3 Ng4 11. Bg5 f6 12. Bh4 a5 13. b4 cxb4 14. axb4 a4 15. c4 b5 16. h3 Nh6 17. d4 exd4 18. Nxd4 O-O 19. cxb5 cxb5 20. Nxb5 Qb8 21. Nc3 f5 22. Nd5 Be6 23. Rxa4 Rxa4 24. Qxa4 fxe4 25. Ne7+ Kh8 26. Nxe4 Bf5 27. Nxf5 Nxf5 28. Bg5 Qe5 29. Bd2 Qd5 30. Bc3 Bxc3 31. Nxc3 Qd4 32. Ne2 1-0


[Site "https://www.chess.com"]

[Event "Titled Tuesday Blitz May 03 Early 2022"]
[White "Sokolovsky, Yahli"]
[Black "Menna Barreto, Felipe Kubiaki"]
[WhiteFideId "2820242"]
[BlackFideId "2119757"]
[WhiteElo "1770"]
[BlackElo "2261"]
[Result "1-0"]
[Round "06"]
[TimeControl "180+1"]
[Date "2022.05.03"]
[WhiteClock "0:00:24"]
[BlackClock "0:00:13"]

1. b3 d6 2. Bb2 e5 3. e3 Nf6 4. d4 exd4 5. exd4 d5 6. Nf3 Bb4+ 7. c3 Bd6 8. Bd3 O-O 9. O-O Bg4 10. Nbd2 Nbd7 11. c4 c6 12. Qc2 Re8 13. h3 Bh5 14. Rfe1 Qc7 15. cxd5 cxd5 16. Qxc7 Bxc7 17. Ne5 Bd6 18. g4 Bg6 19. Bb5 Bb4 20. Re2 Bxd2 21. Rxd2 Red8 22. f3 a6 23. Bf1 Rac8 24. Nxg6 hxg6 25. Re1 Re8 26. Rde2 Rxe2 27. Rxe2 Re8 28. Kf2 Rxe2+ 29. Kxe2 Kf8 30. Ba3+ Ke8 31. Ke3 g5 32. Kd3 Nb8 33. Kc3 Nc6 34. Bd3 Nd7 35. Bc1 f6 36. f4 gxf4 37. Bxf4 g5 38. Bg3 Nf8 39. Bf5 Ke7 40. Bc8 b5 41. Bxa6 b4+ 42. Kd3 Ne6 43. Bb7 Ncxd4 44. Bxd5 Nb5 45. Bxe6 Kxe6 46. Be1 f5 47. gxf5+ Kxf5 48. Bxb4 Nc7 49. a4 Nd5 50. Bd2 g4 51. hxg4+ Kxg4 52. Kd4 Nc7 53. b4 Kf5 54. Kc5 Ke6 55. Kc6 Nd5 56. b5 Ne7+ 57. Kc7 Nd5+ 58. Kb7 Kd7 59. a5 Nc7 60. b6 Nb5 61. Bf4 Nd4 62. a6 Nb5 63. a7 Na3 64. a8=Q Nc4 65. Qc8+ Ke7 66. Qxc4 Ke8 67. Qc7 Kf8 68. Bh6+ Ke8 69. Qg7 Kd8 70. Bg5+ Ke8 71. Qe7# 1-0


[Site "https://www.chess.com"]

[Event "Titled Tuesday Blitz May 03 Early 2022"]
[White "Souleidis, Georgios"]
[Black "Sebag, Marie"]
[WhiteFideId "4206827"]
[BlackFideId "617822"]
[WhiteElo "2401"]
[BlackElo "2440"]
[Result "0-1"]
[Round "06"]
[TimeControl "180+1"]
[Date "2022.05.03"]
[WhiteClock "0:00:07"]
[BlackClock "0:00:15"]

1. e4 c5 2. Nf3 d6 3. Bc4 Nc6 4. O-O Nf6 5. Re1 Bg4 6. h3 Bxf3 7. Qxf3 g6 8. c3 Bg7 9. d3 O-O 10. Bb3 b5 11. Be3 Nd7 12. Qe2 b4 13. Rd1 Qb6 14. cxb4 Qxb4 15. Nc3 e6 16. Rac1 Rab8 17. f4 Na5 18. Ba4 Bxc3 19. Bxd7 Bxb2 20. Rb1 Qa3 21. f5 exf5 22. exf5 Rfd8 23. Rd2 Be5 24. Rxb8 Rxb8 25. fxg6 hxg6 26. Rd1 Rb2 27. Qf3 Qxa2 28. Rf1 Rb1 29. Bg5 Rxf1+ 30. Qxf1 Nb3 31. h4 Qa1 32. Qxa1 Bxa1 33. Kf2 Nd4 34. Be7 Nf5 35. Bxf5 gxf5 36. Bxd6 Bd4+ 37. Kf3 a5 0-1


[Site "https://www.chess.com"]

[Event "Titled Tuesday Blitz May 03 Early 2022"]
[White "Stevens, Christian"]
[Black "Harshavardhan G B"]
[WhiteFideId "2604450"]
[BlackFideId "25059009"]
[WhiteElo "2505"]
[BlackElo "1831"]
[Result "1-0"]
[Round "06"]
[TimeControl "180+1"]
[Date "2022.05.03"]
[WhiteClock "0:00:04"]
[BlackClock "0:00:27"]

1. e4 e5 2. Nf3 Nc6 3. Bb5 a6 4. Ba4 d6 5. c3 f5 6. exf5 Bxf5 7. d4 e4 8. Ng5 d5 9. f3 Nf6 10. fxe4 Nxe4 11. O-O Qd7 12. Nxe4 Bxe4 13. Nd2 Bg6 14. Nf3 b5 15. Bb3 Be7 16. Ng5 O-O-O 17. Nf7 Bxf7 18. Rxf7 g6 19. Bh6 Qe6 20. Qf3 Na5 21. Bxd5 Rxd5 22. Rxe7 Qxe7 23. Qxd5 Kb8 24. Rf1 Re8 25. a4 Qe2 26. axb5 axb5 27. h3 Nb7 28. Rf7 Nd6 29. Rxh7 Qd1+ 30. Kh2 Qf1 31. Bg5 Re1 32. Rh8+ Nc8 33. Qd7 Qf5 34. Qxf5 gxf5 35. h4 Re2 36. h5 Kb7 37. h6 Nd6 38. Rg8 f4 39. h7 f3 40. h8=Q Rxg2+ 41. Kh1 Ne4 42. Rb8+ Kc6 43. Qe8+ Kd5 44. Qe5+ Kc4 45. Qxe4 Rxg5 46. Qxf3 Kb3 47. Qf1 Kxb2 48. Rxb5+ Rxb5 49. Qxb5+ Kxc3 50. Qc5+ Kd3 51. d5 Ke4 52. Qc6 Ke5 53. Kg2 Kd4 54. Kf3 Ke5 55. Ke3 Kf5 56. Qxc7 Kf6 57. Qd7 Ke5 58. Qe6# 1-0


[Site "https://www.chess.com"]

[Event "Titled Tuesday Blitz May 03 Early 2022"]
[White "Subaste, Arman"]
[Black "Ljukin, Sergei"]
[WhiteFideId "5221080"]
[BlackFideId "14102200"]
[WhiteElo "1856"]
[BlackElo "2312"]
[Result "0-1"]
[Round "06"]
[TimeControl "180+1"]
[Date "2022.05.03"]
[WhiteClock "0:00:11"]
[BlackClock "0:01:03"]

1. d4 d5 2. Bg5 f6 3. Bh4 Nh6 4. e3 Nf5 5. Bg3 h5 6. Be2 h4 7. Bh5+ Kd7 8. Bg6 e6 9. e4 hxg3 10. h3 gxf2+ 11. Kxf2 Ne7 12. Qg4 Nxg6 13. Qxg6 Qe8 14. Qg3 dxe4 15. Nc3 Bd6 16. Qxg7+ Be7 17. Nxe4 Qf8 18. Qg3 b6 19. Nf3 Bb7 20. Rhe1 Nc6 21. Rad1 Re8 22. d5 exd5 23. Rxd5+ Kc8 24. Qg4+ Kb8 25. Red1 Ne5 26. Qe6 Bc5+ 27. Nxc5 Rxe6 28. Nxe6 Qe7 29. Rd8+ Rxd8 30. Rxd8+ Bc8 31. Nxe5 fxe5 0-1


[Site "https://www.chess.com"]

[Event "Titled Tuesday Blitz May 03 Early 2022"]
[White "Svane, Rasmus"]
[Black "Lorparizangeneh, Shahin"]
[WhiteFideId "4657101"]
[BlackFideId "12521604"]
[WhiteElo "2645"]
[BlackElo "2525"]
[Result "1-0"]
[Round "06"]
[TimeControl "180+1"]
[Date "2022.05.03"]
[WhiteClock "0:00:20"]
[BlackClock "0:00:02"]

1. Nf3 d5 2. g3 Nc6 3. d4 Bf5 4. Bg2 Nb4 5. Na3 e6 6. O-O Be7 7. c3 Nc6 8. Qb3 Rb8 9. Re1 h6 10. Ne5 Nxe5 11. dxe5 Bxa3 12. Qxa3 Ne7 13. Qxa7 O-O 14. Qc5 b6 15. Qb5 c6 16. Qb3 c5 17. f4 Nc6 18. Be3 Na5 19. Qd1 Nc4 20. Bc1 d4 21. cxd4 cxd4 22. b3 Ne3 23. Bxe3 dxe3 24. Bf3 g5 25. Qxd8 Rfxd8 26. fxg5 hxg5 27. g4 Bg6 28. Rec1 Rbc8 29. Rxc8 Rxc8 30. a4 Rc7 31. b4 Ra7 32. a5 bxa5 33. bxa5 Kf8 34. a6 Ke7 35. Bb7 Bc2 36. Ra3 Kd7 37. Rxe3 Ba4 38. Rf3 Ke7 39. Ra3 Bb5 40. Kf2 Bc4 41. e4 Bb5 42. Kg3 Kf8 43. h4 gxh4+ 44. Kxh4 Kg7 45. Kg5 Bc4 46. Ra5 Bd3 47. Kf4 Be2 48. g5 Bc4 49. Ke3 Kg6 50. Kd4 Be2 51. Ra2 Bxa6 52. Bxa6 Kxg5 53. Bc4 Rd7+ 54. Ke3 Kg6 55. Rg2+ 1-0


[Site "https://www.chess.com"]

[Event "Titled Tuesday Blitz May 03 Early 2022"]
[White "Sztokbant, Bernardo Vainzoff"]
[Black "Pinero Rodriguez, Carlos Jose"]
[WhiteFideId "2115956"]
[BlackFideId "3901726"]
[WhiteElo "2225"]
[BlackElo "2053"]
[Result "1-0"]
[Round "06"]
[TimeControl "180+1"]
[Date "2022.05.03"]
[WhiteClock "0:01:00"]
[BlackClock "0:00:23"]

1. e4 c5 2. Nf3 e6 3. d4 cxd4 4. Nxd4 a6 5. Nc3 Qc7 6. Bd3 Nf6 7. O-O h5 8. h3 Bc5 9. Nb3 Ba7 10. Qe2 Ng4 11. hxg4 hxg4 12. e5 g3 13. Be3 Qxe5 14. Bxa7 gxf2+ 15. Kxf2 Qxe2+ 16. Bxe2 Rxa7 17. Rh1 Rxh1 18. Rxh1 d5 19. Rh8+ Kd7 20. Nxd5 exd5 21. Bg4+ Ke7 22. Rxc8 Nc6 23. Rc7+ Kf6 24. Nc5 Ne5 25. Be2 Ra8 26. Rxb7 Rc8 27. b4 a5 28. a3 axb4 29. axb4 Nc6 30. c3 d4 31. cxd4 Nxd4 32. Bc4 Ne6 33. Rxf7+ Kxf7 34. Bxe6+ Ke7 35. Bxc8 Kd6 36. Kf3 Kc7 37. Kg4 Kxc8 38. Kg5 Kc7 39. Kg6 Kc6 40. Kxg7 Kb5 41. g4 Kxb4 42. g5 Kxc5 43. g6 Kd6 44. Kf7 Kc7 45. g7 Kc6 46. g8=Q Kc7 47. Qf8 Kc6 48. Qe8+ Kc7 49. Qe7+ Kb6 50. Qe6+ Ka7 51. Kf6 Kb7 52. Qe5 Ka7 53. Qd6 Kb7 54. Qc5 Ka8 55. Qb4 Ka7 56. Ke6 Ka8 57. Kd6 Ka7 58. Kc7 Ka8 59. Qa4# 1-0


[Site "https://www.chess.com"]

[Event "Titled Tuesday Blitz May 03 Early 2022"]
[White "Taboas Rodriguez, Daniel"]
[Black "Vignesh, N R"]
[WhiteFideId "2208466"]
[BlackFideId "25012215"]
[WhiteElo "2429"]
[BlackElo "2363"]
[Result "0-1"]
[Round "06"]
[TimeControl "180+1"]
[Date "2022.05.03"]
[WhiteClock "0:00:25"]
[BlackClock "0:00:48"]

1. d4 g6 2. Nf3 Bg7 3. c4 c6 4. Nc3 d5 5. cxd5 cxd5 6. Bf4 Nf6 7. e3 O-O 8. Bd3 Nc6 9. O-O b6 10. Rc1 Bb7 11. Qe2 a6 12. Ne5 Nxe5 13. Bxe5 e6 14. Rc2 Nd7 15. Bg3 Qe7 16. Rfc1 Rfc8 17. Na4 Rxc2 18. Rxc2 b5 19. Nc5 Nxc5 20. Rxc5 Rc8 21. Qc2 Rxc5 22. dxc5 Bc6 23. Bd6 Qd7 24. f4 Bf8 25. Bxf8 Kxf8 26. Qc3 Ke7 27. b4 f6 28. Kf2 Qc7 29. g4 e5 30. fxe5 fxe5 31. Kg1 Ke6 32. Qe1 Qe7 33. Qg3 a5 34. a3 axb4 35. axb4 Qa7 36. g5 Qa1+ 37. Bf1 d4 38. Qf2 dxe3 39. Qxe3 Qb2 40. Qf2 Qxf2+ 41. Kxf2 Kf5 42. h4 Kf4 43. Bg2 e4 44. Ke2 Kg3 45. Bf1 Kxh4 46. Ke3 Kxg5 47. Kd4 Kf4 48. Bc4 bxc4 49. Kxc4 e3 50. b5 Bxb5+ 51. Kxb5 e2 52. c6 e1=Q 0-1


[Site "https://www.chess.com"]

[Event "Titled Tuesday Blitz May 03 Early 2022"]
[White "Tasev, Dejan"]
[Black "Bellissimo, Joseph F."]
[WhiteFideId "936618"]
[BlackFideId "2609843"]
[WhiteElo "2253"]
[BlackElo "2061"]
[Result "0-1"]
[Round "06"]
[TimeControl "180+1"]
[Date "2022.05.03"]
[WhiteClock "0:00:27"]
[BlackClock "0:00:28"]

1. e4 e6 2. d4 d5 3. Nc3 Nf6 4. e5 Nfd7 5. f4 c5 6. Nf3 Nc6 7. Be3 a6 8. Qd2 b5 9. Be2 Qb6 10. Nd1 Bb7 11. c3 f6 12. exf6 gxf6 13. Nf2 O-O-O 14. O-O Rg8 15. a3 e5 16. fxe5 fxe5 17. dxe5 Ncxe5 18. Nxe5 Nxe5 19. Bf4 d4 20. Bg3 Qc6 21. Ne4 Qxe4 22. Rf2 Bd6 23. Bf1 Ng4 24. Re2 Ne3 25. cxd4 cxd4 26. Rc1+ Kb8 27. Qa5 Bxg3 28. hxg3 Rdf8 29. Qc7+ Ka8 30. a4 d3 31. Rd2 Rc8 32. Qf7 Rxc1 33. Qxg8+ Ka7 34. Rf2 Rxf1+ 0-1


[Site "https://www.chess.com"]

[Event "Titled Tuesday Blitz May 03 Early 2022"]
[White "Tatarinov, Dmitry"]
[Black "Suarez Uriel, Adrian"]
[WhiteFideId "24160067"]
[BlackFideId "22230874"]
[WhiteElo "2302"]
[BlackElo "2316"]
[Result "1-0"]
[Round "06"]
[TimeControl "180+1"]
[Date "2022.05.03"]
[WhiteClock "0:02:42"]
[BlackClock "0:02:05"]

1. d4 Nf6 2. c4 g6 3. Nf3 Bg7 4. g3 b6 5. Bg2 Bb7 6. O-O O-O 7. Bf4 d6 8. Qc1 Re8 9. Bh6 e5 10. dxe5 dxe5 11. Rd1 Qe7 12. Nc3 Nbd7 13. Bg5 h6 14. Bxh6 e4 15. Nd4 e3 16. Qxe3 Bxg2 17. Qxe7 Rxe7 18. Bxg7 Kxg7 19. Kxg2 Ne5 20. b3 Rh8 21. h3 a6 22. Rac1 Rhe8 23. Nd5 Nxd5 24. cxd5 Rd7 25. e4 g5 26. Nf5+ Kg6 27. f4 1-0


[Site "https://www.chess.com"]

[Event "Titled Tuesday Blitz May 03 Early 2022"]
[White "Terry, Renato"]
[Black "Karthikeyan, Murali"]
[WhiteFideId "3803457"]
[BlackFideId "5074452"]
[WhiteElo "2577"]
[BlackElo "2579"]
[Result "1/2-1/2"]
[Round "06"]
[TimeControl "180+1"]
[Date "2022.05.03"]
[WhiteClock "0:00:03"]
[BlackClock "0:00:09"]

1. d4 Nf6 2. Bg5 d5 3. Bxf6 exf6 4. e3 f5 5. c4 g6 6. Nc3 dxc4 7. Bxc4 Bg7 8. Nf3 O-O 9. O-O Nd7 10. Rc1 c5 11. dxc5 Nxc5 12. Qe2 Ne4 13. Nd5 Be6 14. Nf4 Bxc4 15. Rxc4 Rc8 16. Rb4 b6 17. Rd1 Qe7 18. Nd5 Qe6 19. Rb3 Nc5 20. Ra3 a5 21. Ng5 Qe8 22. Nxb6 Rd8 23. Rxa5 Qc6 24. Rc1 Qxb6 25. Raxc5 Bxb2 26. Rc6 Qb7 27. R1c2 Bf6 28. h4 Qe7 29. Rc7 Rd7 30. Rxd7 Qxd7 31. Nf3 h5 32. g3 Rb8 33. Kg2 Qd5 34. Qc4 Qa8 35. Qc6 Kg7 36. Qxa8 Rxa8 37. Nd2 Ra4 38. Nc4 Kf8 39. Nb6 Ra6 40. Nd7+ Kg7 41. Nxf6 Kxf6 42. Kf3 Ke5 43. Rb2 Ra3 44. Ke2 f6 45. Rc2 Ke6 46. f3 Kf7 47. Kf2 Ke6 48. Rd2 Kf7 49. Re2 Ke6 50. Ke1 g5 51. Kf2 Ra4 52. Rb2 gxh4 53. gxh4 Rxh4 54. Kg3 Ra4 55. Rh2 Ra3 56. Rxh5 Rxa2 57. Rh8 Ra3 58. Rb8 Kf7 59. Kf4 Kg6 60. Rg8+ Kf7 61. Rc8 Ra5 62. Rc4 Kg6 63. Rd4 Ra1 64. Rb4 Rh1 65. Rb8 Rh4+ 66. Kg3 Ra4 67. Rg8+ Kf7 68. Rc8 Ke6 69. Rc6+ Ke7 70. Rb6 Rc4 71. Ra6 Kf7 72. Rb6 Kg6 73. Rb8 Rc3 74. Kf4 Rc4+ 75. Kg3 Ra4 76. Rd8 Ra5 77. Rd6 Kg5 78. Rd8 Ra3 79. Rg8+ Kh6 80. Kf4 Ra5 81. Rg1 Rb5 82. Rg2 Ra5 83. Rg1 Rb5 84. Rg8 Ra5 85. Rd8 Kg6 86. Re8 Ra4+ 87. Kg3 Ra3 88. Re7 Kg5 89. f4+ Kg6 90. Kf3 Ra1 91. Rb7 Rf1+ 92. Ke2 Rc1 93. Rd7 Kh5 94. Rg7 Rc2+ 95. Kd3 Ra2 96. Rg1 Ra4 97. Rg2 Rb4 98. Rg8 Ra4 99. Ke2 Ra1 100. Kd2 Ra2+ 101. Kd3 Ra4 102. Rg7 Ra5 103. Kd4 Ra4+ 104. Kd3 Ra3+ 105. Ke2 Ra1 106. Kf3 Rf1+ 107. Ke2 Ra1 108. Rg8 Ra2+ 109. Kd3 Ra3+ 110. Kd4 Ra4+ 111. Kc3 Ra3+ 112. Kd2 Ra2+ 113. Ke1 Kh4 114. Kf1 Kh5 115. Rg7 Rb2 116. Rg3 Ra2 117. Rg8 Rb2 118. Rg7 Ra2 119. Ke1 Rb2 120. Rg8 Ra2 121. Rg3 Ra8 122. Kd2 Ra3 123. Ke2 Ra2+ 124. Kd3 Ra3+ 125. Kd4 Ra4+ 126. Kd3 Ra3+ 127. Ke2 Ra2+ 128. Kf3 Ra1 129. Rg8 Rf1+ 130. Ke2 Ra1 131. Rf8 Ra3 132. Rxf6 Ra5 133. Kf3 Rb5 134. Rf8 Kg6 135. Rg8+ Kf7 136. Ra8 Kf6 137. Ra6+ Kf7 138. Rc6 Ra5 139. Kg3 Ra3 140. Kf3 Ra5 141. Rd6 Rb5 142. Rh6 Ra5 143. Rb6 Rc5 144. Ke2 Ra5 145. Kd2 Ra3 146. Ke2 Ra5 147. Rc6 Ra3 148. Rd6 Rb3 149. Rd3 Rb2+ 150. Kf3 Kf6 151. Rd6+ Kf7 152. Ra6 Rc2 153. Ra3 Rb2 154. Kg3 Kf6 155. Ra6+ Kf7 156. Rc6 Rb3 157. Kf3 Ra3 158. Rh6 Rb3 159. Ra6 Rc3 160. Ke2 Rb3 161. Kd2 Ke7 162. Rc6 Kf7 163. Rc3 Rb1 164. Kd3 Rd1+ 165. Kc4 Ke6 166. Rb3 Rc1+ 167. Kd4 Rd1+ 168. Kc5 Rc1+ 169. Kd4 Rd1+ 170. Kc4 Rc1+ 171. Rc3 Rd1 172. Rc2 Re1 173. Kd4 Rd1+ 174. Kc4 Re1 175. Rc3 Rd1 1/2-1/2


[Site "https://www.chess.com"]